 Dungeon Sprint DCSS version 0.21.1-1-g345015f (webtiles) character file.

298 doot the Grappler (level 8, -24/133 HPs)
             Began as a Troll Berserker on June 7, 2018.
             Was a High Priest of Trog.
             Killed from afar by Aizul (31 damage)
             ... with a bolt of poison
             ... in the Dungeon (Sprint VI: "Thunderdome").
             The game lasted 00:04:53 (625 turns).

doot the Grappler (Troll Berserker)                  Turns: 625, Time: 00:04:54

Health: -24/133    AC:  7    Str: 32    XL:     8   Next: 38%
Magic:  0/7        EV: 12    Int:  7    God:    Trog [*****.]
Gold:   285        SH:  0    Dex: 14    Spells: 7/7 levels left

rFire    . . .     SeeInvis +     - Unarmed
rCold    . . .     Gourm    +   (no shield)
rNeg     + . .     Faith    .   r - +0 troll leather armour
rPois    .         Spirit   +   (helmet restricted)
rElec    .         Reflect  .   (no cloak)
rCorr    +         Harm     .   (gloves unavailable)
MR       .....     NoTele   +   (boots unavailable)
Stlth    ..........             m - amulet of Nohot {Spirit +Blink rN+ SInv}
HPRegen  1.12/turn              n - ring of Lies {*Slow Int+4 SInv}
MPRegen  0.10/turn              o - ring "Iceab" {rCorr Dex+4 Stlth+}

@: berserking, lethally poisoned (-24 -> -51), constricted, very quick
A: large, unfitting armour, claws 3, fast metabolism 3, gourmand, regeneration
1, shaggy fur 1, tough skin 2
a: Berserk, Trog's Hand, Brothers in Arms, Burn Spellbooks, Renounce Religion,
Evoke Blink


You were in the Dungeon.
You worshipped Trog.
Trog was extremely pleased with you.
You were very full.

You visited 1 branch You collected 600 gold pieces.
You spent 315 gold pieces at shops.

Inventory:

Missiles
 q - 4 poisoned javelins (quivered)
Armour
 a - a +0 animal skin
 r - a +0 troll leather armour (worn)
Jewellery
 m - the amulet of Nohot (around neck) {Spirit +Blink rN+ SInv}
   (You bought it in a shop in the Dungeon)

   [amulet of guardian spirit]

   It causes incoming damage to be split between your health and magic.
   It protects you from negative energy.
   It lets you see invisible.
   It lets you blink.
 n - the ring of Lies (left claw) {*Slow Int+4 SInv}
   (You bought it in a shop in the Dungeon)

   [ring of see invisible]

   It affects your intelligence (+4).
   It lets you see invisible.
   It may slow you when you take damage.
 o - the ring "Iceab" (right claw) {rCorr Dex+4 Stlth+}
   (You bought it in a shop in the Dungeon)

   [ring of resist corrosion]

   It affects your dexterity (+4).
   It makes you more stealthy.
Wands
 i - a wand of acid (5)
 j - a wand of iceblast (5)
Scrolls
 h - 4 scrolls of blinking
 k - 3 scrolls of fog
Potions
 c - a potion of curing
 d - 4 potions of heal wounds
 e - 4 potions of haste
 f - 2 potions of magic
 g - a potion of berserk rage
 l - a potion of resistance
Comestibles
 b - 2 rations


   Skills:
 + Level 8.5 Fighting
 + Level 0.6 Throwing
 + Level 0.1 Armour
 + Level 9.1 Dodging
 + Level 1.6 Stealth
 + Level 12.1 Unarmed Combat


You had 7 spell levels left.
You didn't know any spells.

Dungeon Overview and Level Annotations

Branches:
Dungeon (1/1)

Altars:
Cheibriados
Dithmenos
Fedhas
Gozag
Kikubaaqudgha
Makhleb
Okawaru
Qazlal
Ru
Sif Muna
Trog
Uskayaw
Vehumet
Wu Jian
Xom
Yredelemnul
Zin
The Shining One
Beogh
Jiyva
Lugonu

Shops:
D *[%??*?*:[((!!!!

Annotations:
D Aizul


Innate Abilities, Weirdness & Mutations

You are too large for most types of armour.
You have claws for hands.
Your metabolism is lightning-fast.
You like to eat raw meat.
Your natural rate of healing is unusually fast.
You are covered in fur. (AC +1)
You have very tough skin. (AC +2)


Message History

Aizul is heavily wounded.
You feel sick. Aizul casts a spell at you. The poison arrow hits you!
You are more poisoned.
* * * LOW HITPOINT WARNING * * *
You closely miss Aizul. Your claw misses Aizul.
Aizul is heavily wounded.
* * * LOW HITPOINT WARNING * * *
You feel sick. Aizul misses you.
You scratch Aizul.
Aizul is heavily wounded.
* * * LOW HITPOINT WARNING * * *
You feel sick. The naga warrior misses you. The naga warrior grabs you.
* * * LOW HITPOINT WARNING * * *
The naga warrior constricts you.
Aizul coils herself and waves her upper body at you.
The bolt of poison hits you!
You are more poisoned.
You die...

#.....# ##.....##
##∩.....∩## #∩.......∩#
#_......._# #_......._#
#_......._# ###N........###
#⌠@S.........⌠#
######.8.........8.#####
##∩___......###......__.∩
###∩).......8.# #.8........
##.............###).........
#⌠..........###)..###.......
#⌠..........# #.<.# #.......
#⌠..........###...###.......
##.............###..........


You could see Aizul and a naga warrior.

Vanquished Creatures
  Prince Ribbit (D)
  2 blink frogs (D)
  A hungry ghost (D)
  2 big kobolds (D)
  4 bullfrogs (D)
  5 killer bees (D)
  A hound (D)
  An iguana (D)
  A worker ant (D)
  2 adders (D)
  A giant cockroach (D)
  3 hobgoblins (D)
24 creatures vanquished.

Notes
Turn   | Place    | Note
-------+----------+-------------------------------------------
     0 | D        | doot the Troll Berserker began the quest for the Orb.
     0 | D        | Reached XP level 1. HP: 22/22 MP: 0/0
     1 | D        | Found a glowing golden altar of the Shining One.
     1 | D        | Found a bloodstained altar of Trog.
     2 | D        | Found a shadowy altar of Dithmenos.
     2 | D        | Found an ornate altar of the Wu Jian Council.
     3 | D        | Found a viscous altar of Jiyva.
     3 | D        | Found a glowing silver altar of Zin.
     4 | D        | Found Xuexapao's Delicious Food.
     4 | D        | Found a hide-covered altar of Uskayaw.
     4 | D        | Found a burning altar of Makhleb.
     4 | D        | Found Vemops's Identification Station.
     5 | D        | Found Ugugat's Jewellery.
     5 | D        | Found Githafoi's Advanced Armour.
     5 | D        | Round 1.
    13 | D        | Bought a transparent platinum amulet for 45 gold pieces
    13 | D        | Bought a sparkling ivory ring for 45 gold pieces
    13 | D        | Bought a smoking bronze ring for 45 gold pieces
    13 | D        | Identified the ring of Lies {*Slow Int+4 SInv} (You bought it in a shop in the Dungeon)
    16 | D        | Identified the amulet of Nohot {Spirit +Blink rN+ SInv} (You bought it in a shop in the Dungeon)
    17 | D        | Identified the ring "Iceab" {rCorr Dex+4 Stlth+} (You bought it in a shop in the Dungeon)
    24 | D        | Found a stormy altar of Qazlal.
    24 | D        | Found Deikavvi's Magic Scroll Shop.
    24 | D        | Found Apuc's Magic Scroll Shop.
    25 | D        | Found Inlealun's Must-Have Magic.
    26 | D        | Found an iron altar of Okawaru.
    26 | D        | Found a shimmering altar of Xom.
    26 | D        | Found a deep blue altar of Sif Muna.
    26 | D        | Found Fokat's Staff Store.
    30 | D        | Found an ancient bone altar of Kikubaaqudgha.
    31 | D        | Found a corrupted altar of Lugonu.
    33 | D        | Found Sinoezxikk's Distillery.
    33 | D        | Found a radiant altar of Vehumet.
    33 | D        | Found a snail-covered altar of Cheibriados.
    33 | D        | Found a sacrificial altar of Ru.
    33 | D        | Found Qugu's Do-It-Yourself Clinic.
    34 | D        | Found Lufailo's Distillery.
    34 | D        | Found Hefa's Bottled Wisdom.
    37 | D        | Found an opulent altar of Gozag.
    38 | D        | Found a roughly hewn altar of Beogh.
    39 | D        | Found a blossoming altar of Fedhas.
    40 | D        | Found Nuge's Weapon Rack.
    41 | D        | Found Musauf's Basic Armour.
    41 | D        | Found Yduf Ifo's Miscellaneous Merchandise.
    42 | D        | Found a basalt altar of Yredelemnul.
    42 | D        | Found Sosut's Premium Goods.
    48 | D        | Reached ** piety under Trog
    67 | D        | Noticed a big kobold
    68 | D        | Noticed a big kobold
    93 | D        | Killed a big kobold
    93 | D        | Reached skill level 5 in Unarmed Combat
    93 | D        | Reached XP level 2. HP: 23/32 MP: 1/1
    93 | D        | Reached XP level 3. HP: 28/39 MP: 2/2
    93 | D        | Reached XP level 4. HP: 34/48 MP: 3/3
    95 | D        | Killed a big kobold
    95 | D        | Arena points: 12 (+12) [x2]
    95 | D        | Reached skill level 5 in Fighting
    95 | D        | Reached skill level 5 in Dodging
    95 | D        | Reached skill level 6 in Unarmed Combat
    95 | D        | Reached XP level 5. HP: 42/57 MP: 4/4
   128 | D        | Round 2.
   144 | D        | Reached skill level 7 in Unarmed Combat
   176 | D        | Reached *** piety under Trog
   190 | D        | Reached skill level 8 in Unarmed Combat
   190 | D        | Reached XP level 6. HP: 32/67 MP: 3/5
   239 | D        | Reached **** piety under Trog
   239 | D        | Arena points: 54 (+42) [x3]
   239 | D        | Reached skill level 9 in Unarmed Combat
   298 | D        | Round 3.
   315 | D        | Noticed Prince Ribbit
   333 | D        | Noticed a blink frog
   349 | D        | Killed a blink frog
   349 | D        | Reached skill level 1 in Stealth
   349 | D        | Reached skill level 10 in Unarmed Combat
   349 | D        | Reached XP level 7. HP: 52/78 MP: 3/6
   355 | D        | Killed Prince Ribbit
   355 | D        | Reached ***** piety under Trog
   355 | D        | Reached skill level 11 in Unarmed Combat
   378 | D        | Noticed a blink frog
   401 | D        | Killed a blink frog
   401 | D        | Received a gift from Trog
   401 | D        | Arena points: 138 (+84) [x4]
   401 | D        | Reached XP level 8. HP: 15/88 MP: 2/7
   422 | D        | Bought a +0 troll leather armour for 180 gold pieces
   426 | D        | Round 4.
   541 | D        | Received a gift from Trog
   541 | D        | Arena points: 298 (+160) [x5]
   541 | D        | Reached skill level 12 in Unarmed Combat
   602 | D        | Round 5.
   609 | D        | Noticed Aizul
   610 | D        | Noticed a naga warrior
   625 | D        | Killed from afar by Aizul

Skill      XL: |  1  2  3  4  5  6  7  8 |
---------------+-------------------------+-----
Fighting       | 4 5 6 7 8 |  8.5
Dodging        | 4 5 6 8 9 |  9.1
Unarmed Combat | 5 6 8 10 11 12 | 12.1
Stealth        | 1 |  1.6
Throwing       | |  0.6
Armour         | |  0.1

Action                   |  1- 3 |  4- 6 |  7- 9 || total
-------------------------+-------+-------+-------++-------
Melee: Unarmed           |    19 |    40 |    42 ||   101
       Punch             |       |     3 |     3 ||     6
Throw: Javelin           |       |       |     6 ||     6
Invok: Berserk           |       |       |     1 ||     1
  Eat: Chunk             |       |       |    12 ||    12
Armor: Animal skin       |     5 |     8 |       ||    13
       Troll leather arm |       |       |     3 ||     3
Dodge: Dodged            |    11 |    26 |    19 ||    56
